 Dungeon Crawl Stone Soup version 0.21.1-1-g345015f (webtiles) character file.

452 shakethe the Cudgeler (level 7, -2/41 HPs)
             Began as a Gargoyle Fighter on Feb 15, 2018.
             Killed from afar by an orc wizard (3 damage)
             ... with a magic dart
             ... on level 4 of the Dungeon.
             The game lasted 00:04:13 (2818 turns).

shakethe the Cudgeler (Gargoyle Fighter)            Turns: 2818, Time: 00:04:14

Health: -2/41      AC: 14    Str: 20    XL:     7   Next: 5%
Magic:  7/7        EV:  5    Int: 10    God:
Gold:   139        SH:  9    Dex:  9    Spells: 6/6 levels left

rFire    . . .     SeeInvis .   a - +0 flail
rCold    . . .     Gourm    .   c - +0 shield
rNeg     + . .     Faith    .   q - +0 chain mail
rPois    ∞         Spirit   .   n - +0 hat
rElec    +         Reflect  .   (no cloak)
rCorr    .         Harm     .   (no gloves)
MR       .....                  (no boots)
Stlth    ..........             (no amulet)
HPRegen  0.13/turn              (no ring)
MPRegen  0.10/turn              (no ring)

@: no status effects
A: negative energy resistance 1, electricity resistance, unbreathing,
petrification resistance, rot immunity, AC +4
a: no special abilities


You were on level 4 of the Dungeon.
You were not hungry.

You visited 2 branches of the dungeon, and saw 6 of its levels.

You collected 139 gold pieces.

Inventory:

Hand Weapons
 a - a +0 flail (weapon)
Armour
 c - a +0 shield (worn)
 n - a +0 hat (worn)
   (You found it on level 3 of the Dungeon)
 q - a +0 chain mail (worn)
   (You found it on level 3 of the Dungeon)
Jewellery
 s - an uncursed amulet of harm {unknown}
   (You found it on level 4 of the Dungeon)
Scrolls
 e - 3 scrolls of remove curse {unknown}
 j - 2 scrolls of amnesia {unknown}
 k - 2 scrolls of identify {unknown}
 m - a scroll of enchant weapon {unknown}
 r - a scroll of immolation {unknown}
Potions
 b - 3 potions of cancellation {unknown}
 d - a potion of might
 g - 4 potions of curing {unknown}
 h - 2 potions of heal wounds {unknown}
 i - a potion of haste {unknown}
 l - a potion of flight {unknown}
 o - a potion of resistance {unknown}
 p - a potion of ambrosia {unknown}
 t - 2 potions of berserk rage {unknown}
Comestibles
 f - 4 rations
 u - 2 chunks of flesh {@w0}


   Skills:
 - Level 3.3 Fighting
 + Level 7.3 Maces & Flails
 - Level 3.3 Armour
 - Level 3.3 Shields


You had 6 spell levels left.
You didn't know any spells.

Dungeon Overview and Level Annotations

Branches:
Dungeon (5/15)             Temple (1/1) D:4

Altars:
Ashenzari
Cheibriados
Dithmenos
Elyvilon
Fedhas
Gozag
Hepliaklqana
Kikubaaqudgha
Makhleb
Nemelex Xobeh
Okawaru
Qazlal
Ru
Sif Muna
Uskayaw
Vehumet
Wu Jian
Xom
Yredelemnul
Zin
The Shining One


Innate Abilities, Weirdness & Mutations

You are resistant to torment.
Your stone body is resilient. (AC +4)
You are immune to poison.
You resist negative energy. (rN+)
You are resistant to electric shocks. (rElec)
You can survive without breathing.
You are immune to petrification.
You are immune to rotting.


Message History

You block the iguana's attack.
You take 5 damage, and have 18/37 hp.
You are too injured to fight recklessly!
You are too injured to fight recklessly!
You are too injured to fight recklessly!
You are too injured to fight recklessly!
You are too injured to fight recklessly!
You are too injured to fight recklessly!
You are too injured to fight recklessly!
You are too injured to fight recklessly!
You are too injured to fight recklessly!
You are too injured to fight recklessly!
You are too injured to fight recklessly!
You are too injured to fight recklessly!
You are too injured to fight recklessly!
You are too injured to fight recklessly!
You are too injured to fight recklessly!
You are too injured to fight recklessly!
You are too injured to fight recklessly!
You are too injured to fight recklessly!
Unknown command.
You hit the iguana but do no damage.
The iguana bites you but does no damage.
You sock the iguana!
You kill the iguana!
You see here an iguana corpse.
You see here an iguana corpse.
You butcher the iguana corpse.
u - 2 chunks of flesh {@w0} You see here a ball python corpse.
You butcher the ball python corpse.
u - 4 chunks of flesh {@w0} (gained 2)
You see here a ball python skeleton.
Eating one of 4 chunks of flesh {@w0}.
You eat one of the 4 chunks of flesh {@w0}.
You are feeling hungry.
Eating one of 3 chunks of flesh {@w0}.
You eat one of the 3 chunks of flesh {@w0}.
Okay, then.
You start resting.
An orc priest comes into view. It is wielding a club.
You regained 3 hp, and now have 22/37 hp.
The orc priest shouts!
You hear a shout!
The orc priest invokes the aid of Beogh against you.
Beogh smites you!
You hear a shout!
You take 10 damage, and have 12/37 hp.
MASSIVE DAMAGE!!
An orc wizard comes into view. It is wielding a dagger.
The orc wizard shouts!
You block the orc priest's attack.
You thump the orc priest! You hit the orc priest.
The orc priest hits you but does no damage. 2 orcs come into view.
You closely miss the orc priest.
The orc shouts!
The orc priest hits you but does no damage. x2
You hit the orc priest but do no damage.
You closely miss the orc priest.
The orc priest mumbles some strange prayers to Beogh against you.
Pain shoots through your body!
* * * LOW HITPOINT WARNING * * *
An orc comes into view. It is wielding a club.
You take 5 damage, and have 9/37 hp.
The orc shouts!
You thump the orc priest!
You kill the orc priest!
You have reached level 7!
MP restored: 7 The orc wizard gestures wildly while chanting.
The orc wizard seems to speed up.
There is a stone staircase leading up here.
The orc wizard points at you and mumbles some strange words.
The magic dart hits you!
* * * LOW HITPOINT WARNING * * *
The orc wizard hits you but does no damage.
You climb upwards.
There is a stone staircase leading down here.
You take 6 damage, and have 5/41 hp.
You miss the orc wizard. The orc wizard completely misses you.
You closely miss the orc wizard.
The orc wizard hits you but does no damage. x2
You closely miss the orc wizard.
The orc wizard hits you but does no damage.
The orc wizard casts a spell at you. The magic dart hits you!
* * * LOW HITPOINT WARNING * * *
You take 5 damage, and have 1/41 hp.
You hit the orc wizard. The orc wizard barely misses you.
You hit the orc wizard but do no damage.
The orc wizard mumbles some strange words.
The orc wizard blinks!
The orc wizard mumbles some strange words.
The orc wizard blinks!
Okay, then.
You sock the orc wizard! The orc wizard casts a spell at you.
The magic dart hits you!
You die...

####################
###...................
#.....################
#.#.#.#.#..........###
#.#.#.#.#.########....
#.#.#.#.#.# #.......
#.#.#.#.#.# #.######
###'#.#'#'#.#####.......
#....>.@....#.......####
#...§...o...'.......#
#......(...##.......#
#..........''.......#
#..........##.......#
##.........##.......#
#........).#.......####
#...)......#.#.#.......
######..........#.#.#....<..


You could see an orc wizard.

Vanquished Creatures
  An ogre (D:4)
  A crimson imp (D:3)
  2 hounds (D:4)
  An orc priest (D:5)
  Terence (D:2)
  An iguana (D:5)
  3 worker ants (D:4)
  6 adders
  2 worms (D:3)
  A dart slug (D:1)
  3 leopard geckos (D:3)
  A ball python (D:5)
  4 giant cockroaches
  7 goblins
  9 hobgoblins
  3 jackals (D:1)
  8 kobolds
  A quokka (D:3)
  6 bats
  5 frilled lizards
  8 rats
74 creatures vanquished.

Notes
Turn   | Place    | Note
-------+----------+-------------------------------------------
     0 | D:1      | shakethe the Gargoyle Fighter began the quest for the Orb.
     0 | D:1      | Reached XP level 1. HP: 14/14 MP: 1/1
   105 | D:1      | Reached XP level 2. HP: 15/19 MP: 2/2
   243 | D:1      | Reached skill level 3 in Maces & Flails
   351 | D:1      | Reached XP level 3. HP: 22/23 MP: 3/3
   883 | D:2      | Noticed Terence
   894 | D:2      | Killed Terence
   894 | D:2      | Reached skill level 4 in Maces & Flails
   894 | D:2      | Reached XP level 4. HP: 26/28 MP: 4/4
  1309 | D:3      | Reached skill level 5 in Maces & Flails
  1309 | D:3      | Reached XP level 5. HP: 29/32 MP: 5/5
  1751 | D:4      | Reached skill level 6 in Maces & Flails
  1751 | D:4      | Reached XP level 6. HP: 37/37 MP: 6/6
  2116 | D:4      | Found a staircase to the Ecumenical Temple.
  2185 | D:4      | Reached skill level 7 in Maces & Flails
  2407 | Temple   | Entered the Ecumenical Temple
  2712 | D:5      | Entered Level 5 of the Dungeon
  2803 | D:5      | HP: 9/37 [orc priest/nerve-wracking pain (5)]
  2804 | D:5      | Reached XP level 7. HP: 10/41 MP: 7/7
  2809 | D:5      | HP: 5/41 [orc wizard/magic dart (6)]
  2813 | D:4      | HP: 1/41 [orc wizard/magic dart (5)]
  2818 | D:4      | Killed from afar by an orc wizard

Skill      XL: |  1  2  3  4  5  6 |
---------------+-------------------+-----
Maces & Flails | 3 4 5 6 7 |  7.3
Fighting       | |  3.3
Armour         | |  3.3
Shields        | |  3.3

Action                   |  1- 3 |  4- 6 |  7- 9 || total
-------------------------+-------+-------+-------++-------
Melee: Flail             |   132 |   236 |     6 ||   374
  Eat: Chunk             |       |     7 |       ||     7
Armor: Scale mail        |    71 |    65 |       ||   136
       Chain mail        |       |    77 |     3 ||    80
Dodge: Dodged            |    34 |    63 |     2 ||    99
Block: Shield            |    69 |   120 |       ||   189

Vault maps used:
D:1:      tarquinn_simple_flora_water_c, st_stairs_11
D:2:      st_stairs_10, uniq_terence
D:4:      minmay_temple_entry_glassed_door
D:5:      first_ration, uniq_menkaure
Temple:   kilobyte_greek_temple

Table legend:
 A = Turns spent in this place as a percentage of turns spent in the entire game.
 B = Non-inter-level travel turns spent in this place as a percentage of non-inter-level travel turns spent in the entire game.
 C = Inter-level travel turns spent in this place as a percentage of turns spent in this place.
 D = Turns resting spent in this place as a percentage of non-inter-level travel turns spent in this place.
 E = Turns spent auto-exploring this place as a percentage of non-inter-level travel turns spent in this place.
 F = Non-inter-level travel turns spent in this place divided by the number of levels of this place that you've seen.
                   A       B       C       D       E      F
               +-------+-------+-------+-------+-------+----------------------
         Total | 100.0 | 100.0 |   2.2 |   0.9 |  67.5 | 459.5
       Dungeon |  90.7 |  90.5 |   2.4 |   1.0 |  68.9 | 498.8
        Temple |   9.3 |   9.5 |   0.0 |   0.0 |  54.4 | 263.0
               +-------+-------+-------+-------+-------+----------------------

Table legend:
 A = Kills in this place as a percentage of kills in entire the game.
 B = Kills by you in this place as a percentage of kills by you in the entire game.
 C = Kills by friends in this place as a percentage of kills by friends in the entire game.
 D = Other kills in this place as a percentage of other kills in the entire game.
 E = Experience gained in this place as a percentage of experience gained in the entire game.
 F = Experience gained in this place divided by the number of levels of this place that you have seen.
                   A       B       C       D       E      F
               +-------+-------+-------+-------+-------+----------------------
         Total | 100.0 | 100.0 |   N/A |   N/A | 100.0 | 107.8
       Dungeon | 100.0 | 100.0 |   N/A |   N/A | 100.0 | 129.4
               +-------+-------+-------+-------+-------+----------------------
